Unix NetHack Version 5.0.0-0 post-release - last build May  4 2026 22:22:43 (774f63e81ad911689b3a0859ea89b322d5daca8d,branch:main).

Game began 2026-05-06 11:19:37, ended 2026-05-07 09:07:36.

2459783kj, lawful female human Samurai

                                                       -----       -----
                             ----------                ..!>|        ...
                              .........                 ..(          ..
                                    ....####             .(|         .
                                        ### #             |          #
                                        #  #             ####      ###
                                        #  #              ############
                                        #  #####         ## #     ## ####
                              ###########      #        ##      --|-----.-
                              #                #       ##       |........|
                             ##                ####    #        |........|
                   ###########                    # ---.--      |........|
      -------------#                              # |....|      .........|
      |............#                              ##.....|      |.....[..|
      |...........|                                 |....|      |........|
      |....@......|                                 ------      ----------
      -------------

2459783kj the Ronin    St:14 Dx:14 Co:18 In:8 Wi:9 Ch:10  Lawful
Dlvl:5  $:80 HP:0(41) Pw:11(11) AC:10 Xp:4 T:1417 

Latest messages:
 You miss the giant ant.
 The giant ant bites!
 You kill the giant ant!
 Welcome to experience level 4.
 You see here a giant ant corpse.
 x - a giant ant corpse.
 The giant ant bites!
 Your cave spider corpse rots away.
 You hit the giant ant!
 The giant ant bites!
 You kill the giant ant!
 You see here a giant ant corpse.
 x - a giant ant corpse (2 in total).
 You kill the acid blob!
 You are splashed by the acid blob's acid!
 You see here an acid blob corpse.
 You see here an acid blob corpse.
 You see here an acid blob corpse.
 y - an acid blob corpse.
 This door is locked.
 This door is locked.
 This door is locked.
 In what direction? 4
 As you kick the door, it crashes open!
 The homunculus bites!
 You hit the homunculus!
 The homunculus drinks an emerald potion!
 The homunculus looks better.
 You miss the homunculus.
 The homunculus bites!
 You are put to sleep by the homunculus!
 The homunculus bites!
 The homunculus bites!
 The homunculus bites!
 The homunculus bites!
 You wake up.
 You hit the homunculus!
 The homunculus bites!
 You kill the homunculus!
 You see here a homunculus corpse.
 You see here a homunculus corpse.
 z - a homunculus corpse.
 What do you want to eat? [gorx-z or ?*] ?
 Ecch - that must have been poisonous!
 You die...
 Do you want your possessions identified? [ynq] (y) n
 Do you want to see your attributes? [ynq] (y) n
 Do you want an account of creatures vanquished? [ynaq] (y) n
 Do you want to see your conduct and achievements? [ynq] (y) n
 Do you want to see the dungeon overview? [ynq] (y) n

Inventory:
 Coins    ('$')
  $ - 80 gold pieces
 Weapons  (')')
  d - 32 +0 ya (in quiver)
  t - a cursed +0 dagger
  b - a +0 wakizashi (alternate weapon; not wielded)
 Comestibles  ('%')
  r - an uncursed cream pie
  o - an uncursed tripe ration
  g - an uncursed tin of boiled kobold meat
  y - an uncursed acid blob corpse
  x - 2 uncursed giant ant corpses
  z - an uncursed partly eaten homunculus corpse
 Scrolls  ('?')
  k - an uncursed scroll of enchant weapon
  m - an uncursed scroll of identify
 Spellbooks  ('+')
  f - an uncursed spellbook of levitation
 Tools    ('(')
  v - an uncursed wooden flute
  u - a +0 pick-axe
 Gems/Stones  ('*')
  p - an uncursed amber stone
  s - an uncursed worthless piece of white glass

2459783kj the Samurai's attributes:

Background:
 You were a Ronin, a level 4 female human Samurai.
 You were lawful, nominally on a mission for Amaterasu Omikami
 who was opposed by Raijin (neutral) and Susanowo (chaotic).
 You were right-handed.
 You were in the Dungeons of Doom, on level 5.
 You entered the dungeon 1417 turns ago.
 You had 102 experience points, 58 more were needed to attain level 5.

Basics:
 You had 0 out of 41 hit points.
 You had all 11 energy points (spell power).
 Your armor class was 10.
 Your wallet contained 80 zorkmids.
 Autopickup was off.

Final Characteristics:
 Your strength was 14 (peak:17, limit:18/100).
 Your dexterity was 14 (limit:18).
 Your constitution was 18 (limit:18).
 Your intelligence was 8 (limit:18).
 Your wisdom was 9 (limit:18).
 Your charisma was 10 (limit:18).

Final Status:
 You weren't hungry.
 You were unencumbered.
 You were bare handed.
 You had basic skill with martial arts.
 You weren't wearing any armor.

Final Attributes:
 You were devoutly aligned.
 You were fast.
 You are dead.

Miscellaneous:
 You didn't encounter any bones levels.
 Total elapsed playing time was 30 minutes and 29 seconds.

Major events:
 Turn
    1: 2459783kj the lawful female human Samurai entered the dungeon
  962: attained the rank of Ronin (level 3)
 1417: killed by a poisonous corpse

Spells:
 Name                 Level Category     Fail Retention
 levitation             4   escape       100%  76%-100%

Skills:
 Fighting Skills
   martial arts      [Basic]
   two weapon combat [Unskilled]
   riding            [Unskilled]
 Weapon Skills
   dagger            [Unskilled]
   knife             [Unskilled]
   short sword       [Basic]
   broadsword        [Unskilled]
   long sword        [Basic]
   two-handed sword  [Unskilled]
   saber             [Unskilled]
   flail             [Unskilled]
   quarterstaff      [Unskilled]
   polearms          [Unskilled]
   spear             [Unskilled]
   lance             [Unskilled]
   bow               [Basic]
   shuriken          [Unskilled]
 Spellcasting Skills
   attack spells     [Unskilled]
   divination spells [Unskilled]
   clerical spells   [Unskilled]

Voluntary challenges:
 Character rerolling was not enabled.
 You were an atheist.
 You never genocided any monsters.
 You never polymorphed an object.
 You never changed form.
 You used no wishes.
Achievement:
 You attained the rank of Ronin.

 The Dungeons of Doom: levels 1 to 5
    Level 1:
       A fountain.
    Level 2:
       Many trees.
    Level 3:
    Level 4:
       A fountain.
    Level 5: <- You were here.
       Final resting place for
          you, killed by a poisonous corpse.


Vanquished creatures:
  a shrieker
  2 giant ants
  2 homunculi
  a hill orc
 an acid blob
  a hobbit
  a large kobold
  2 giant rats
  a cave spider
  3 jackals
  a kobold
  2 grid bugs
  4 lichens
  a kobold zombie
  5 newts
28 creatures vanquished.

No species were genocided or became extinct.

Game over:
                       ----------
                      /          \
                     /    REST    \
                    /      IN      \
                   /     PEACE      \
                  /                  \
                  |    2459783kj     |
                  |      80 Au       |
                  |   killed by a    |
                  | poisonous corpse |
                  |                  |
                  |                  |
                  |       2026       |
                 *|     *  *  *      | *
        _________)/\\_//(\/(/\)/\//\/|_)_______

Sayonara 2459783kj the Samurai...

You died in The Dungeons of Doom on dungeon level 5 with 690 points,
and 80 pieces of gold, after 1417 moves.
You were level 4 with a maximum of 41 hit points when you died.

